 Dungeon Crawl Stone Soup version 0.18-a0-1773-gec4f98e (webtiles) character file.

477 M4edhros the Insei (level 7, -6/41 HPs)
             Began as an Octopode Necromancer on Apr 14, 2016.
             Mangled by a gnoll
             ... wielding a +0 halberd
              (8 damage)
             ... on level 4 of the Dungeon.
             The game lasted 00:23:59 (1570 turns).

M4edhros the Insei (Octopode Necromancer)           Turns: 1570, Time: 00:24:00

Health: -6/41      AC:  1    Str:  7    XL:     7   Next: 11%
Magic:  8/10       EV: 12    Int: 17    God:
Gold:   95         SH:  0    Dex: 15    Spells: 2 memorised, 6 levels left

rFire  . . .     SeeInvis .       - Unarmed
rCold  . . .     Gourm    .     (no shield)
rNeg   . . .     Faith    .     (helmet restricted)
rPois  .         Spirit   .     s - amulet of regeneration
rElec  .         Dismiss  .     (no ring)
rCorr  .         Reflect  .     (no ring)
SustAt .         Harm     .     (no ring)
MR     .....                    (no ring)
Stlth  +++.......               (no ring)
                                (no ring)
                                (no ring)
                                (no ring)

@: drained, not resistant to hostile enchantments, fairly stealthy
A: almost no armour, amphibious, 8 rings, constrict 8, camouflage 1, gelatinous
body 1
a: no special abilities


You were on level 4 of the Dungeon.
You were hungry.

You visited 1 branch of the dungeon, and saw 4 of its levels.
You also visited: Sewer.

You collected 95 gold pieces.

Inventory:

Hand Weapons
 m - a +1 dagger of draining
Missiles
 d - 2 silver sling bullets
 e - 7 tomahawks
 h - 15 arrows of frost
 i - 4 javelins (quivered)
 k - 35 stones
Jewellery
 s - an amulet of regeneration (around mantle)
Scrolls
 j - 2 scrolls of identify {unknown}
 n - a scroll of fear {unknown}
 r - a scroll of fog {unknown}
Potions
 g - a potion of haste
 o - a potion of brilliance {unknown}
 p - 2 potions of flight {unknown}
 q - a potion of agility {unknown}
Books
 a - a book of Necromancy

   Spells                             Type                      Level
   a - Pain                           Necromancy                   1
   b - Animate Skeleton               Necromancy                   1
   c - Vampiric Draining              Necromancy                   3
   d - Regeneration                   Charms/Necromancy            3
   e - Animate Dead                   Necromancy                   4
   f - Control Undead                 Necromancy                   4
Comestibles
 b - 4 bread rations
 c - 11 chunks of flesh
 l - 2 meat rations


   Skills:
 - Level 2.0(1.9) Dodging
 - Level 2.6 Stealth
 + Level 7.1(7.0) Unarmed Combat
 - Level 2.0(1.9) Spellcasting
 - Level 4.0(3.9) Necromancy


You had 6 spell levels left.
You knew the following spells:

 Your Spells              Type           Power        Failure   Level  Hunger
a - Pain                  Necr           ###.         4%          1    #......
b - Regeneration          Chrm/Necr      #.........   30%         3    ###....


Dungeon Overview and Level Annotations

Branches:
Dungeon (4/15)
 Temple: D:4-7

Altars:
Cheibriados
The Shining One

Annotations:
D:3 1 runed door
D:4 Duvessa, Menkaure


Innate Abilities, Weirdness & Mutations

You cannot wear most types of armour.
You are amphibious.
You can wear up to eight rings at the same time.
You can use your tentacles to constrict eight enemies at once.
Your skin changes colour to match your surroundings (Stealth).
Your rubbery body absorbs attacks (AC +1).


Message History

The giant newt bites you.
You miss the giant newt. Your grab misses the giant newt.
Your tentacle-slap misses the giant newt.
The giant newt bites you.
You barely miss the gnoll.
The gnoll shouts!
You grab the gnoll. You constrict the gnoll. The gnoll hits you with a halberd!
* * * LOW HITPOINT WARNING * * *
Drink which item? (? for menu, Esc to quit)
You feel better.
You constrict the gnoll. The giant newt barely misses you.
The gnoll hits you with a halberd!
* * * LOW HITPOINT WARNING * * *
You aren't carrying any items that you can evoke.
Read which item? (? for menu, Esc to quit)
Okay, then.
Drink which item? (? for menu, Esc to quit)
Okay, then.
You release your grip on the gnoll.
The gnoll hits you from afar with a halberd!
You die...

# #.........# #
####.######
########....##### ###
#>..............## ...
..)....g.##.###..##.#
#)##.###.##...##[...#
#.##.###.####)g...#.#
......##..%.#.#l#.#.#...
.............g..@<......
......#####........#####
......# #.......#..#
......# #.......#...#
.^....# #.....#.#.#.#
......# #.......#.#..
......# #.....###.# .#
..##### .... .# .# ...#


You could see 2 gnolls and a giant newt.

Vanquished Creatures
  Sigmund (D:2)
  A big kobold (Sewer)
  A howler monkey (D:4)
  An orc priest (D:4)
  A gnoll shaman (D:4)
  An orc wizard (D:3)
  2 adders (D:2)
  A gnoll (D:4)
  3 giant geckos
  16 orcs
  5 giant cockroaches
  7 goblins
  7 hobgoblins
  6 jackals
  4 kobolds
  2 quokkas
  4 ball pythons
  6 bats
  3 giant newts
  6 rats
78 creatures vanquished.

Notes
Turn   | Place    | Note
--------------------------------------------------------------
     0 | D:1      | M4edhros the Octopode Necromancer began the quest for the Orb.
     0 | D:1      | Reached XP level 1. HP: 11/11 MP: 3/3
    24 | D:1      | Reached skill level 1 in Unarmed Combat
    54 | D:1      | Reached XP level 2. HP: 6/17 MP: 0/5
   108 | D:2      | Noticed Sigmund
   182 | D:1      | Reached skill level 2 in Unarmed Combat
   361 | D:1      | Reached XP level 3. HP: 1/21 MP: 0/6
   366 | D:1      | Learned a level 3 spell: Regeneration
   561 | D:3      | Reached skill level 3 in Unarmed Combat
   647 | D:3      | Found a glowing drain.
   652 | Sewer    | Entered a sewer
   759 | Sewer    | Noticed a big kobold
   802 | Sewer    | Killed a big kobold
   802 | Sewer    | Reached skill level 4 in Unarmed Combat
   802 | Sewer    | Reached XP level 4. HP: 27/27 MP: 1/7
   802 | Sewer    | Reached XP level 5. HP: 31/31 MP: 1/8
   863 | Sewer    | Found a glowing silver altar of Zin.
   991 | D:2      | Killed Sigmund
   991 | D:2      | Reached skill level 6 in Unarmed Combat
   991 | D:2      | Reached XP level 6. HP: 32/36 MP: 9/9
  1045 | D:3      | Found a runed door.
  1048 | D:3      | Found a glowing golden altar of the Shining One.
  1048 | D:3      | Noticed an angel
  1085 | D:3      | Found a snail-covered altar of Cheibriados.
  1085 | D:3      | Found a glowing golden altar of the Shining One.
  1455 | D:4      | Noticed Duvessa
  1508 | D:4      | Reached XP level 7. HP: 41/41 MP: 6/10
  1528 | D:4      | Noticed Menkaure
  1560 | D:4      | Reached skill level 7 in Unarmed Combat
  1569 | D:4      | HP: 2/41 [gnoll/halberd (11)]
  1570 | D:4      | Mangled by a gnoll

Vault maps used:
D:1:      roderic_dead_forest
D:2:      marbit_many_paths, first_bread, uniq_sigmund, uniq_natasha
D:3:      grunt_temple_overflow_open, gup_sewer_entry_bowl, lemuel_angel_altar
D:4:      uniq_robin, uniq_menkaure, uniq_duvessa
Sewer:    sewer_kobolds

Skill      XL: |  1  2  3  4  5  6  7 |
---------------+----------------------+-----
Unarmed Combat | 1 2 4 6 7 |  7.1
Dodging        | |  2.0
Stealth        | |  2.6
Spellcasting   | |  2.0
Necromancy     | |  4.0

Action                   |  1- 3 |  4- 6 |  7- 9 || total
-------------------------+-------+-------+-------++-------
Melee: Unarmed           |    36 |    57 |     7 ||   100
       Constrict         |    12 |    15 |     2 ||    29
       Punch             |     2 |     3 |       ||     5
       Tentacles         |     4 |    17 |     1 ||    22
Throw: Stone             |    12 |       |       ||    12
       Tomahawk          |     8 |       |       ||     8
       Javelin           |     5 |     1 |       ||     6
 Cast: Pain              |    44 |    30 |     4 ||    78
       Regeneration      |     6 |     2 |       ||     8
  Use: Potion            |     1 |     3 |     1 ||     5
 Stab: Sleeping          |     1 |     3 |       ||     4
       Invisible         |       |     3 |       ||     3
  Eat: Chunk             |     1 |     4 |       ||     5
Armor: Skin              |       |     2 |       ||     2
Dodge: Dodged            |    21 |    25 |     7 ||    53
